 Dungeon Crawl Stone Soup version 0.21-a0-227-g58a7c62 (webtiles) character file.

2 Gorglomux the Insei (level 1, 0/15 HPs)
             Began as a Gnoll Transmuter on Aug 30, 2017.
             Slain by a giant cockroach (2 damage)
             ... on level 1 of the Dungeon.
             The game lasted 00:00:37 (105 turns).

Gorglomux the Insei (Gnoll Transmuter)               Turns: 105, Time: 00:00:37

Health: 0/15       AC:  2    Str:  7    XL:     1   Next: 40%
Magic:  3/4        EV: 12    Int:  7    God:
Gold:   13         SH:  0    Dex:  7    Spells: 5/6 levels left

rFire    . . .     SeeInvis .     - Unarmed
rCold    . . .     Gourm    .   (no shield)
rNeg     . . .     Faith    .   b - +0 robe
rPois    .         Spirit   .   (no helmet)
rElec    .         Reflect  .   (no cloak)
rCorr    .         Harm     .   (no gloves)
MR       .....                  (boots currently unavailable)
Stlth    +.........             (no amulet)
HPRegen  0.05/turn              (no ring)
MPRegen  0.09/turn              (no ring)

@: appendage (expiring)
A: unchanging attributes, fangs 1, talons 3, strong nose
a: End Transformation


You were on level 1 of the Dungeon.
You were not hungry.
You had grown temporary talons.
You visited 1 branch of the dungeon, and saw 1 of its levels.

You collected 13 gold pieces.

Inventory:

Missiles
 a - 12 arrows
Armour
 b - a +0 robe (worn)
Jewellery
 e - an uncursed amulet of rage {unknown}
Books
 c - a book of Changes

   Spells                             Type                      Level
   a - Beastly Appendage              Transmutation                1
   b - Sticks to Snakes               Transmutation                2
   c - Spider Form                    Transmutation/Poison         3
   d - Ice Form                       Ice/Transmutation            4
   e - Blade Hands                    Transmutation                5
Comestibles
 d - a bread ration


   Skills:
 - Level 1.3 Fighting
 - Level 2.6 Dodging
 - Level 4.0 Unarmed Combat
 - Level 3.0 Spellcasting
 + Level 3.1 Transmutations


You had 5 spell levels left.
You knew the following spells:

 Your Spells              Type           Power        Failure   Level  Hunger
a - Beastly Appendage     Tmut           #.....       10%         1    ##.....


Dungeon Overview and Level Annotations

Branches:
Dungeon (1/15)

Altars:


Innate Abilities, Weirdness & Mutations

Your physical attributes are unchanging.
You have very sharp teeth.
Your uncanny sense of smell can sniff out nearby items.
You have claws for feet.


Message History

You squash the butt cockroach like an ant!
The giant cockroach is lightly wounded!
Your transformation is almost over!
The giant cockroach bites you! * * * don't die
* * * You pulverise the giant cockroach but do no damage!
Your kick misses the giant cockroach!
The butt cockroach is lightly wounded!
The giant cockroach closely misses you!
You closely miss the giant cockroach!
The giant butt is lightly wounded!
The giant cockroach bites you but does no damage!
You barely miss the giant cockroach!
You bite the giant cockroach, but butt no damage!
The giant cockroach is lightly wounded!
The frilled lizard butt-ly misses you! The giant cockroach barely misses you!
You barely miss the giant cockroach!
The giant cockroach is lightly wounded!
The giant cockroach bites butt! rip

∆
###########################
#<.#..#.##@sg#.............
##..##.##l##....#....#...#
#..##.#.#...#....###...##..
#####.###.##....#.#.......#
# #(#...#..#...#.........8
#.######.#...#..#..##.....
...# ##.#..##...........
###..##.##......##......8
##.###.#.#..#......#.....#


You could see a giant cockroach, a hobgoblin and a frilled lizard.

Vanquished Creatures
  A dart slug (D:1)
1 creature vanquished.

Notes
Turn   | Place    | Note
-------+----------+-------------------------------------------
     0 | D:1      | Gorglomux the Gnoll Transmuter began the quest for the Orb.
     0 | D:1      | Reached XP level 1. HP: 15/15 MP: 4/4
    33 | D:1      | Reached skill level 3 in Transmutations
   105 | D:1      | Slain by a giant cockroach

Vault maps used:
D:1:      erik_arrival_cave_to_civilisation

Skill      XL: |  1 |
---------------+----+-----
Transmutations | 3 |  3.1
Fighting       | |  1.3
Dodging        | |  2.6
Unarmed Combat | |  4.0
Spellcasting   | |  3.0

Action                   || total
-------------------------++-------
Melee: Unarmed           ||    12
       Headbutt          ||     2
       Punch             ||     1
       Bite              ||     1
 Cast: Beastly Appendage ||     2
Armor: Robe              ||     4
Dodge: Dodged            ||    12

Table legend:
 A = Spawn XP
 B = Non-spawn XP
 C = Spawn XP percentage of total XP
 D = Spawn monster count
 E = Non-spawn monster count
 F = Spawn count percentage of total count
 G = Total turns spent on level
                    A         B        C        D         E        F      G
               +---------+---------+-------+---------+---------+-------+---------
         Total |       0 |       4 |   0.0 |       0 |       1 |   0.0 |   105
               +---------+---------+-------+---------+---------+-------+---------
           D:1 |       0 |       4 |   0.0 |       0 |       1 |   0.0 |   105
               +---------+---------+-------+---------+---------+-------+---------
